Map: Magannatha LE

Players

IlIlIlIlIlII

  • Race: Terran Terran
  • League: Diamond
  • Spawn Location: 5:00

SubN - Winner!

  • Race: Zerg Zerg
  • League: Diamond
  • Spawn Location: 11:00

VOD

Have the link to the VOD?

Description

Time

  • Played on: July 31, 2025, 4:16 p.m.
  • Length: 17:02
Show
View Real Time Build Order
Export as new Build Order

IlIlIlIlIlII Terran 

Build Orders:  

Get SALT Encoding   

  12  0:04  SCV  
  13  0:19  Supply Depot  
  13  0:22  Refinery  
  13  0:26  Refinery  
  13  0:31  SCV  
  14  0:43  SCV  
  15  0:56  Barracks  
  15  1:09  Barracks  
  15  1:23  SCV  
  16  1:38  SCV  
  17  1:44  Barracks Tech Lab  
  17  1:51  SCV  
  18  1:55  Barracks Tech Lab  
  18  1:58  Supply Depot  
  18  2:07  Marine  
  20  2:11  Orbital Command  
  19  2:16  Stimpack  
  19  2:22  Marine  
  20  2:30  Supply Depot  
  20  2:37  Marine, Combat Shield  
  20  2:40  SCV  
  22  2:47  Marine  
  23  2:52  SCV  
  23  2:54  Supply Depot  
  23  2:55  Marine  
  25  3:05  Marine  
  26  3:06  Engineering Bay  
  26  3:10  SCV  
  27  3:13  Marine  
  27  3:25  Marine  
  28  3:31  Marine  
  29  3:35  Terran Infantry Weapons Level 1  
  29  3:37  SCV  
  30  3:43  Marine  
  30  3:46  Command Center  
  31  3:49  Marine, SCV  
  33  4:01  SCV  
  34  4:03  Barracks, Marine  
  35  4:10  Marine  
  35  4:13  SCV  
  37  4:18  Supply Depot  
  37  4:22  Marine  
  38  4:25  SCV  
  38  4:28  Marine  
  38  4:37  SCV  
  39  4:40  Marine  
  39  4:41  Barracks  
  39  4:43  Supply Depot  
  40  4:46  Marine  
  40  4:49  SCV  
  40  4:51  Marine  
  43  4:58  Orbital Command, Marine  
  44  5:04  Marine  
  44  5:05  SCV  
  46  5:09  Marine  
  47  5:16  Marine  
  47  5:17  SCV  
  44  5:30  Terran Infantry Armor Level 1, Marine x2  
  44  5:33  Marine  
  44  5:34  Marine  
  48  5:37  SCV x2  
  50  5:48  Marine  
  50  5:49  SCV  
  51  5:51  Marine x3  
  51  5:54  SCV  
  51  6:01  Command Center, SCV  
  52  6:05  Marine  
  52  6:06  SCV  
  52  6:09  Marine x2  
  52  6:10  Factory  
  56  6:13  SCV  
  56  6:14  Marine  
  56  6:18  SCV  
  59  6:25  SCV  
  59  6:30  SCV  
  59  6:31  Barracks  
  59  6:32  Barracks  
  61  6:36  Marine x2  
  61  6:37  Barracks, Marine  
  61  6:38  Barracks, SCV  
  65  6:42  SCV  
  66  6:50  SCV  
  66  6:51  Marine  
  66  6:54  Marine x2, SCV  
  70  7:02  SCV  
  70  7:06  SCV  
  69  7:14  SCV  
  69  7:15  Marine x4  
  70  7:16  Orbital Command  
  70  7:20  Refinery  
  70  7:21  Refinery  
  68  7:23  Armory  
  68  7:26  Marine  
  68  7:27  Starport, Marine  
  68  7:28  Factory Reactor, Marine x2  
  72  7:33  Marine x4  
  72  7:34  SCV  
  77  7:41  Orbital Command  
  77  7:44  Supply Depot, Marine x2  
  77  7:46  Marine x2  
  77  7:49  Supply Depot x2  
  77  7:50  Supply Depot, Marine  
  77  7:51  Marine  
  83  7:53  Engineering Bay  
  83  7:58  Marine x2  
  83  8:00  SCV x2  
  83  8:02  Marine  
  83  8:05  Marine x2  
  90  8:07  SCV  
  90  8:12  SCV x2  
  93  8:17  Marine x3  
  93  8:19  SCV  
  97  8:24  SCV  
  97  8:25  SCV, Medivac x2  
  103  8:32  Terran Infantry Weapons Level 2  
  103  8:33  Terran Infantry Armor Level 2  
  102  8:34  Terran Vehicle And Ship Armor Level 1  
  102  8:35  Marine x2  
  102  8:36  Marine  
  102  8:43  Marine x4  
  102  8:48  Refinery, SCV x3  
  107  8:49  Refinery, Marine  
  107  8:52  Supply Depot, Factory Tech Lab  
  107  8:53  Supply Depot, Marine  
  107  8:54  Marine x2  
  110  9:01  Marine x2  
  108  9:08  Marine  
  108  9:09  Marine x2  
  107  9:11  Marine  
  107  9:12  Marine x2  
  107  9:19  Marine x2  
  107  9:20  Siege Tank  
  107  9:22  Medivac x2  
  116  9:26  Marine x2, Infernal Pre-Igniter  
  116  9:27  Marine  
  116  9:29  Marine  
  116  9:30  Marine x2  
  123  9:31  SCV x3  
  123  9:32  Factory  
  123  9:34  Factory  
  123  9:36  Marine  
  123  9:37  Marine  
  125  9:44  Marine x3  
  125  9:46  Marine  
  125  9:47  Marine  
  125  9:48  Marine  
  120  9:54  Marine x2  
  120  9:56  Siege Tank, Medivac  
  117  10:02  Marine x3  
  117  10:04  Marine  
  117  10:05  Marine  
  117  10:06  Marine  
  123  10:12  Marine x2  
  118  10:20  Marine x3  
  121  10:22  Marine  
  121  10:23  Command Center, Marine x2  
  124  10:30  Marine x2  
  121  10:38  Marine x3  
  121  10:39  Terran Vehicle And Ship Armor Level 2  
  121  10:40  Medivac x2  
  121  10:42  Factory Tech Lab x2  
  114  10:43  SCV x2  
  114  10:46  Marine x3  
  114  10:48  Marine x2  
  119  10:55  Marine  
  119  10:56  Marine x2  
  122  11:01  Supply Depot  
  122  11:02  SCV  
  122  11:04  Marine x3  
  124  11:05  Marine  
  124  11:08  Marine  
  124  11:10  Medivac  
  130  11:13  Marine x2  
  123  11:26  Marine x6  
  123  11:29  Thor  
  123  11:31  Marine x2  
  137  11:34  Planetary Fortress  
  137  11:36  Missile Turret  
  137  11:38  SCV x2  
  135  11:43  Marine  
  135  11:44  Marine x3  
  135  11:46  Thor  
  138  11:50  SCV x2  
  126  11:57  Command Center  
  126  12:00  Marine  
  126  12:01  Marine x2  
  127  12:13  Thor x2  
  136  12:20  Marine x4  
  136  12:21  Marine  
  141  12:24  Marine x2  
  141  12:25  Marine  
  141  12:27  Medivac  
  141  12:29  Thor  
  152  12:33  Refinery x2  
  150  12:38  Marine  
  136  12:49  Marine x2  
  136  12:50  Marine x5  
  116  12:56  Marine  
  96  13:07  Marine x3  
  96  13:08  Marine  
  96  13:11  Missile Turret  
  94  13:20  Planetary Fortress  
  94  13:27  Siege Tank x2  
  94  13:32  Missile Turret, Marine x6  
  94  13:33  Marine  
  97  13:46  Medivac x2  
  101  13:49  Marine  
  101  13:50  Marine x6  
  108  14:02  Siege Tank  
  111  14:07  Marine x3  
  111  14:08  Marine x4  
  118  14:14  Missile Turret  
  118  14:16  Missile Turret  
  110  14:25  Marine x3  
  110  14:26  Marine x2  
  115  14:32  Siege Tank  
  115  14:37  Missile Turret, Marine x2  
  120  14:39  Missile Turret  
  120  14:43  Marine  
  118  14:49  Marine x4  
  113  14:54  Marine  
  113  14:58  Missile Turret  
  113  14:59  Missile Turret  
  113  15:06  Marine  
  113  15:07  Marine x3  
  114  15:08  Siege Tank  
  114  15:13  Siege Tank  
  103  15:40  Marine x4  
  103  15:41  Marine x3  
  99  15:58  Marine x2  
Show
View Real Time Build Order
Export as new Build Order

SubN Zerg - Winner!

Build Orders: Hatch First 

Get SALT Encoding   

  12  0:00  Drone  
  13  0:12  Overlord  
  13  0:17  Drone  
  14  0:30  Drone x2  
  16  0:49  Hatchery  
  15  0:52  Drone  
  15  0:53  Drone  
  17  0:59  Drone  
  17  1:01  Extractor  
  17  1:13  Spawning Pool  
  17  1:16  Drone  
  17  1:19  Drone  
  18  1:28  Drone  
  19  1:41  Drone  
  20  1:51  Drone  
  21  2:01  Queen  
  23  2:02  Queen  
  23  2:04  Zergling x4  
  27  2:14  Metabolic Boost  
  27  2:21  Drone  
  28  2:24  Overlord  
  28  2:30  Overlord  
  28  2:48  Queen  
  28  2:49  Queen  
  32  2:55  Drone x6  
  38  3:10  Hatchery  
  37  3:18  Overlord x3  
  37  3:29  Overlord  
  37  3:37  Drone x5  
  42  3:52  Drone x3  
  45  4:00  Drone x3  
  48  4:14  Zergling x2  
  48  4:15  Zergling x8  
  53  4:21  Drone  
  53  4:33  Drone  
  54  4:38  Extractor  
  54  4:40  Drone x2  
  54  4:41  Drone x3, Extractor  
  54  4:43  Queen  
  54  4:44  Queen  
  61  4:45  Queen  
  63  4:55  Drone x5  
  63  4:56  Drone x4  
  62  5:33  Zergling x2  
  62  5:34  Zergling x6  
  66  5:36  Overlord x2  
  66  5:37  Overlord  
  66  6:03  Drone  
  66  6:04  Drone x2, Overlord  
  69  6:05  Overlord  
  69  6:06  Hatchery  
  69  6:08  Hatchery  
  67  6:16  Queen  
  69  6:24  Baneling Nest  
  69  6:25  Overlord  
  68  6:27  Drone  
  68  6:28  Drone x4  
  68  6:30  Lair  
  74  6:45  Zergling x4  
  74  6:46  Zergling x10  
  81  6:50  Zergling x2  
  76  7:20  Drone x4  
  76  7:21  Drone x6  
  83  7:35  Evolution Chamber  
  83  7:36  Evolution Chamber  
  81  7:43  Drone x2  
  81  7:44  Drone  
  84  7:45  Drone x3, Hydralisk Den  
  84  7:47  Extractor  
  85  7:51  Extractor  
  85  7:52  Extractor  
  85  7:56  Centrifugal Hooks, Spore Crawler  
  85  7:57  Baneling  
  85  7:58  Baneling x14  
  82  8:05  Drone x2  
  83  8:06  Drone x2  
  83  8:07  Queen  
  88  8:13  Queen  
  88  8:14  Zerg Melee Weapons Level 1  
  88  8:15  Zerg Ground Armor Level 1  
  88  8:16  Muscular Augments  
  88  8:18  Hydralisk  
  92  8:26  Hatchery  
  88  8:43  Hydralisk, Hatchery  
  88  8:44  Hydralisk x7  
  101  9:01  Hydralisk  
  101  9:02  Hydralisk x5  
  109  9:16  Zergling x2  
  108  9:17  Zergling x10  
  108  9:20  Grooved Spines  
  113  9:30  Zergling x2  
  114  9:32  Overlord x3  
  114  9:33  Overlord  
  94  9:58  Zergling x2  
  94  9:59  Zergling x26  
  95  10:08  Zerg Missile Weapons Level 1  
  89  10:15  Queen  
  89  10:16  Drone x6  
  89  10:17  Drone  
  89  10:19  Queen  
  89  10:21  Drone x4  
  104  10:26  Zerg Melee Weapons Level 2  
  104  10:31  Infestation Pit  
  89  10:45  Hydralisk x8  
  105  10:51  Zergling x16  
  111  11:03  Extractor  
  111  11:04  Hydralisk x7, Extractor  
  110  11:07  Zergling x2  
  110  11:08  Zergling x16  
  132  11:11  Baneling  
  132  11:12  Baneling x9  
  130  11:19  Baneling  
  130  11:20  Baneling x4  
  108  11:43  Hydralisk  
  108  11:44  Hydralisk x9  
  123  11:47  Zergling x14  
  119  12:04  Drone x11  
  130  12:09  Hatchery, Baneling  
  128  12:19  Zergling x6  
  128  12:20  Zergling x6  
  134  12:23  Zerg Missile Weapons Level 2  
  134  12:30  Overlord x4  
  129  12:41  Zerg Ground Armor Level 2  
  127  12:49  Zergling x2  
  127  12:50  Zergling x26  
  130  12:57  Hive  
  126  12:59  Zergling x2  
  126  13:00  Zergling x8  
  119  13:28  Hatchery, Extractor  
  119  13:31  Extractor  
  116  13:37  Hatchery  
  110  13:49  Drone x2  
  110  13:51  Drone x19  
  131  13:59  Overlord  
  131  14:00  Overlord  
  131  14:02  Overlord x3  
  131  14:03  Overseer  
  131  14:04  Overseer  
  124  14:35  Drone x4  
  124  14:36  Drone x2  
  124  14:38  Extractor  
  125  14:55  Hydralisk x7  
  139  15:00  Adrenal Glands  
  139  15:12  Hydralisk x5  
  150  15:14  Zergling x8  
  150  15:15  Zergling x12  
  150  15:19  Baneling x8  
  150  15:20  Baneling  
  159  15:34  Unknown  
  159  15:35  Hydralisk  
  159  15:36  Hydralisk x3  
  167  15:52  Overlord  
  167  15:53  Overlord x2  
  167  15:57  Hatchery  
  167  15:58  Drone x2  
  167  15:59  Drone x4  
  167  16:00  Drone x4  
Tags
 
Matchup
TvZ
Replay Pack
Multiplayer
Spawn Locations
Cross Positions
Add a new tag
Caveats
  • Supply blocks, unpowered buildings, or Contaminate may cause inaccurate times.
  • Supply counts are checked every 10 seconds.